 Dungeon Crawl Stone Soup version bcrawl-1.15.1 (webtiles) character file.

Game seed: 2390775261357078058

70 Chiseanne the Cudgeler (level 4, -3/33 HPs)
             Began as a Demonspawn Archaeologist on Sept 26, 2019.
             Slain by a river rat (8 damage)
             ... on level 3 of the Dungeon.
             The game lasted 00:04:34 (1620 turns).

Chiseanne the Cudgeler (Demonspawn Archaeologist)   Turns: 1620, Time: 00:04:34

Health: -3/33      AC: 11    Str: 11    XL:     4   Next: 4%
Magic:  4/4        EV:  8    Int: 16    God:
Gold:   131        SH:  7    Dex: 12    Spells: 3/3 levels left

rFire    . . .     SeeInvis .   w - +0 short sword (speed)
rCold    . . .     Gourm    +   m - +1 shield
rNeg     . . .     Faith    .   l - +0 ring mail
rPois    .         Spirit   .   c - +1 hat
rElec    .         Reflect  .   t - +0 cloak
rCorr    .         Harm     .   (no gloves)
MR       .....                  d - +1 pair of boots
Stlth    +.........             o - amulet of the gourmand
HPRegen  0.11/turn              (no ring)
MPRegen  0.09/turn              (no ring)

@: studying Maces & Flails, very slow
A: molten scales 1, nightstalker 1
a: no special abilities


You were on level 3 of the Dungeon.
You were very full.

You visited 1 branch of the dungeon, and saw 3 of its levels.

You collected 131 gold pieces.

Inventory:

Hand Weapons
 w - a +0 short sword of speed (weapon)
Missiles
 a - 154 sling bullets
 b - 71 tomahawks
 i - 275 arrows
 k - 381 stones (quivered)
 q - 28 curare-tipped needles
Armour
 c - a +1 hat (worn)
 d - a +1 pair of boots (worn)
 l - a +0 ring mail (worn)
 m - a +1 shield (worn)
 t - a +0 cloak (worn)
Jewellery
 o - an amulet of the gourmand (around neck)
Scrolls
 h - 2 scrolls of teleportation
 n - a scroll of identify
Potions
 p - 4 potions of curing
 r - a potion of agility {unknown}
 s - a potion of mutation {unknown}
Books
 e - a manual of Maces & Flails
Miscellaneous
 f - an ancient crate
Comestibles
 g - 6 rations {!d}
 j - a chunk of flesh


   Skills:
 - Level 1.9 Fighting
 + Level 3.3 Maces & Flails
 - Level 0.6 Armour
 - Level 3.1 Dodging
 - Level 3.0 Stealth
 - Level 0.3 Shields


You had 3 spell levels left.
You didn't know any spells.
Your spell library was empty.

Dungeon Overview and Level Annotations

Branches:
Dungeon (3/12)

Altars:


Innate Abilities, Weirdness & Mutations

You are partially covered in molten scales. (AC +2)
You are slightly more attuned to the shadows.


Message History

You block the river rat's attack.
Your unstable footing causes you to fumble your attack.
The river rat bites you but does no damage.
You hit the river rat.
The river rat is almost dead.
Your unstable footing causes you to fumble your attack.
The river rat barely misses you.
You hit the river rat but do no damage.
The river rat is almost dead.
You block the river rat's attack.
Your shield and ring mail prevent you from hitting the river rat.
The river rat is almost dead.
The river rat bites you.
* * * LOW HITPOINT WARNING * * *
You barely miss the river rat.
The river rat is almost dead.
The river rat bites you but does no damage.
Your unstable footing causes you to fumble your attack.
The river rat bites you!
You die...

≈# ≈# ##≈ #≈≈ #
#≈##≈# ## #≈≈≈≈# .##
#≈#≈#### ..##
#≈≈rr@≈# ...##
#########≈# ....#
#≈≈≈≈≈≈≈≈≈#
....#####≈≈#≈#≈#####.
..#......÷≈.≈≈≈≈≈..J.
.########.....≈......
## #...÷........ #
#.#÷÷.>...##. #
#......#..#


You could see 2 river rats.

Vanquished Creatures
  An adder (D:3)
  2 worms
  3 dart slugs (D:1)
  4 leopard geckos
  3 orcs (D:2)
  9 bats
  A giant cockroach (D:2)
  2 goblins
  5 hobgoblins
  5 kobolds
  A quokka skeleton (D:3)
  7 rats
43 creatures vanquished.

Notes
Turn   | Place    | Note
-------+----------+-------------------------------------------
     0 | D:1      | Chiseanne the Demonspawn Archaeologist began the quest for
                  | the Orb.
     0 | D:1      | Reached XP level 1. HP: 15/15 MP: 1/1
   206 | D:1      | Gained mutation: You are partially covered in molten
                  | scales. (AC +2) [demonic ancestry]
   206 | D:1      | Reached XP level 2. HP: 21/21 MP: 2/2
   781 | D:2      | Gained mutation: You are slightly more attuned to the
                  | shadows. [demonic ancestry]
   781 | D:2      | Reached XP level 3. HP: 27/27 MP: 3/3
   789 | D:2      | Reached skill level 1 in Maces & Flails
  1587 | D:3      | Reached XP level 4. HP: 13/33 MP: 4/4
  1620 | D:3      | Slain by a river rat

Skill      XL: |  1  2  3 |
---------------+----------+-----
Dodging        | 3 |  3.1
Maces & Flails | 3 |  3.3
Fighting       | |  1.9
Armour         | |  0.6
Stealth        | |  3.0
Shields        | |  0.3

Action                   |  1- 3 |  4- 6 || total
-------------------------+-------+-------++-------
Melee: Whip              |    52 |       ||    52
       Short sword       |   189 |    30 ||   219
  Use: Scroll            |     7 |       ||     7
  Eat: Chunk             |    12 |       ||    12
Armor: Robe              |    10 |       ||    10
       Ring mail         |   114 |     7 ||   121
Dodge: Dodged            |   138 |    10 ||   148
Block: Shield            |    73 |     8 ||    81
